 Dungeon Crawl Stone Soup version 0.22-a0-422-g9628fc8 (webtiles) character file.

13146 Mgcat the Protected (level 12, -1/83 HPs)
             Began as a Gnoll Wanderer on May 20, 2018.
             Was an Elder of Hepliaklqana.
             Slain by a six-headed hydra (9 damage)
             ... on level 11 of the Dungeon.
             The game lasted 00:27:07 (10178 turns).

Mgcat the Protected (Gnoll Wanderer)               Turns: 10178, Time: 00:27:08

Health: -1/83      AC: 17    Str: 15    XL:     12   Next: 2%
Magic:  23/23      EV: 18    Int: 29    God:    Hepliaklqana [****..]
Gold:   201        SH:  0    Dex: 14    Spells: 14/25 levels left

rFire    . . .     SeeInvis .   t - +6 mace
rCold    . . .     Gourm    .   (no shield)
rNeg     . . .     Faith    .   x - +0 ring mail
rPois    +         Spirit   .   v - +1 helmet
rElec    +         Reflect  .   o - +1 cloak
rCorr    +         Harm     .   k - +2 pair of gloves
MR       .....                  C - +1 pair of boots
Stlth    +++.......             (no amulet)
HPRegen  0.23/turn              m - +4 ring of evasion
MPRegen  0.18/turn              p - ring "Buhir" {rCorr rElec rPois Int+9 Dex-5}

@: brilliant, singing
A: distributed training, reduced essence, fangs 1, strong nose
a: Recall Ancestor, Ancestor Identity, Transference, Idealise, Renounce Religion


You were on level 11 of the Dungeon.
You worshipped Hepliaklqana.
Hepliaklqana was greatly pleased with you.
You were not hungry.

You visited 1 branch of the dungeon, and saw 11 of its levels.

You collected 681 gold pieces.
You spent 480 gold pieces at shops.

Inventory:

Hand Weapons
 t - a +6 mace (weapon)
   (You took it off a wight on level 6 of the Dungeon)
Armour
 k - a +2 pair of gloves (worn)
   (You found it on level 2 of the Dungeon)
 o - a +1 cloak (worn)
   (You found it on level 3 of the Dungeon)
 v - a +1 helmet (worn)
   (You found it on level 4 of the Dungeon)
 x - a +0 ring mail (worn)
   (You found it on level 5 of the Dungeon)
 C - a +1 pair of boots (worn)
   (You found it on level 9 of the Dungeon)
Magical Staves
 q - an uncursed staff of poison {rPois}
   (You found it on level 3 of the Dungeon)
 z - an uncursed staff of earth {unknown}
   (You found it on level 8 of the Dungeon)
Jewellery
 j - an uncursed ring of stealth {Stlth+}
   (You found it on level 7 of the Dungeon)
 m - a +4 ring of evasion (left hand)
   (You found it on level 6 of the Dungeon)
 p - the ring "Buhir" (right hand) {rCorr rElec rPois Int+9 Dex-5}
   (You acquired it on level 8 of the Dungeon)

   [ring of resist corrosion]

   It affects your intelligence (+9).
   It affects your dexterity (-5).
   It insulates you from electricity.
   It protects you from poison.
Wands
 a - a wand of scattershot (6)
   (You found it on level 8 of the Dungeon)
 i - a wand of iceblast (29)
   (You found it on level 2 of the Dungeon)
 l - a wand of flame (27)
   (You took it off a goblin on level 7 of the Dungeon)
 y - a wand of digging (11)
   (You found it on level 5 of the Dungeon)
 A - a wand of disintegration (8)
   (You found it on level 8 of the Dungeon)
Scrolls
 c - 5 scrolls of remove curse
 e - a scroll of amnesia
 g - a scroll of blinking {!r}
 r - 3 scrolls of magic mapping {!r}
 s - 3 scrolls of identify
 D - a scroll of acquirement
Potions
 d - 2 potions of degeneration {unknown}
 h - 4 potions of brilliance
 n - a potion of flight
 u - a potion of magic {unknown}
 w - a potion of agility {unknown}
Comestibles
 f - 24 rations
 B - 9 chunks of flesh {@w0}


   Skills:
 + Level 8.2 Fighting
 + Level 6.7 Short Blades
 + Level 6.7 Long Blades
 + Level 6.7 Axes
 + Level 6.7 Maces & Flails
 + Level 6.7 Polearms
 + Level 6.7 Staves
 + Level 6.7 Slings
 + Level 6.7 Bows
 + Level 6.7 Crossbows
 + Level 6.7 Throwing
 + Level 9.4 Armour
 + Level 6.7 Dodging
 + Level 7.2 Stealth
 + Level 6.7 Shields
 + Level 6.7 Unarmed Combat
 + Level 7.3 Spellcasting
 + Level 5.6 Conjurations
 + Level 5.6 Hexes
 + Level 5.6 Charms
 + Level 5.6 Summonings
 + Level 6.0 Necromancy
 + Level 6.0 Translocations
 + Level 5.6 Transmutations
 + Level 5.6 Fire Magic
 + Level 5.6 Ice Magic
 + Level 5.6 Air Magic
 + Level 5.6 Earth Magic
 + Level 5.6 Poison Magic
 + Level 7.4 Invocations
 + Level 7.3 Evocations


You had 14 spell levels left.
You knew the following spells:

 Your Spells              Type           Power        Failure   Level  Hunger
a - Infusion              Chrm           ####         1%          1    None
b - Shroud of Golubria    Chrm/Tloc      ######....   1%          2    None
c - Song of Slaying       Chrm           ######..     1%          2    None
d - Regeneration          Chrm/Necr      ######....   1%          3    None
e - Spectral Weapon       Hex/Chrm       ######..     1%          3    None

Your spell library contained the following spells:

 Spells                   Type           Power        Failure   Level  Hunger


Dungeon Overview and Level Annotations

Branches:
Dungeon (11/15)            Temple (0/1) D:7            Lair (0/6) D:10
    Orc: D:9-12

Altars:
Ashenzari
Cheibriados
Hepliaklqana
Kikubaaqudgha
Okawaru
Vehumet
Wu Jian
Yredelemnul
Zin
The Shining One

Shops:
D:8 :

Annotations:
D:8 exclusions: obsidian statue and orange crystal statue
D:11 exclusion: hydra


Innate Abilities, Weirdness & Mutations

Your experience applies equally to all skills.
You have very sharp teeth.
Your uncanny sense of smell can sniff out nearby items.
Your life essence is reduced to manifest your ancestor. (-10% HP)


Message History

Items here: ( ) [ ††††††
Things that are here:
a dagger; 2 stones You see here a stone.
You now have 163 gold pieces (gained 16).
Items here: ( ) [ ††††††
Things that are here:
a blowgun; an uncursed dagger; 15 poisoned needles
f - 24 rations (gained 1)
You now have 182 gold pieces (gained 19).
You now have 201 gold pieces (gained 19).
Marking area around the six-headed hydra as unsafe for travelling.
A six-headed hydra comes into view.
Unknown command.
Unknown command.
Unknown command.
Unknown command.
Unknown command.
Unknown command.
Unknown command.
Unknown command.
An iguana and an adder come into view.
The iguana moves out of view.
You see here a scroll of acquirement.
D - a scroll of acquirement
Casting: Song of Slaying (safe; 1% risk of failure)
Confirm with . or Enter, or press ? or * to list all spells.
You start singing a song of slaying.
The adder hisses angrily.
You hit the iguana but do no damage. You bite the iguana, but do no damage.
You hear an angry hiss.
The iguana closely misses you.
You sock the iguana!
The iguana is heavily wounded.
Arnaud hits the iguana with a dagger of draining.
The iguana bites Arnaud.
You sock the iguana!
You kill the iguana!
You thump the adder!
The adder is heavily wounded.
The adder closely misses you.
Arnaud hits the adder with a dagger of draining!
The adder dies!
The six-headed hydra bites Arnaud! x2
The six-headed hydra barely misses Arnaud.
The six-headed hydra bites Arnaud! x2
Arnaud is destroyed!
An adder comes into view.
You closely miss the adder. The adder closely misses you.
You sock the six-headed hydra! Your bite misses the six-headed hydra.
The six-headed hydra is lightly wounded.
The adder bites you but does no damage.
The six-headed hydra closely misses you. x2
The six-headed hydra bites you.
The six-headed hydra bites you but does no damage.
The six-headed hydra misses you. The six-headed hydra bites you.
The adder closely misses you.
You thump the six-headed hydra! You bite the six-headed hydra.
The six-headed hydra is moderately wounded.
The adder closely misses you. The six-headed hydra bites you!
The six-headed hydra barely misses you.
The six-headed hydra bites you but does no damage. x3
The six-headed hydra bites you.
You hit the six-headed hydra.
The six-headed hydra is moderately wounded.
The adder misses you. The six-headed hydra bites you.
The six-headed hydra bites you but does no damage.
The six-headed hydra closely misses you.
The six-headed hydra bites you but does no damage. x3
You barely miss the six-headed hydra.
The six-headed hydra is moderately wounded.
The adder closely misses you. The six-headed hydra misses you.
The six-headed hydra barely misses you. The six-headed hydra bites you.
The six-headed hydra bites you but does no damage. x3
You thump the six-headed hydra!
The six-headed hydra is heavily wounded.
The adder closely misses you. The six-headed hydra bites you!
The six-headed hydra bites you. The six-headed hydra bites you!
* * * LOW HITPOINT WARNING * * *
The six-headed hydra bites you but does no damage.
The six-headed hydra barely misses you. The six-headed hydra bites you.
* * * LOW HITPOINT WARNING * * *
The adder misses you.
You feel better. The adder misses you.
The six-headed hydra bites you but does no damage. x2
The six-headed hydra bites you!
* * * LOW HITPOINT WARNING * * *
The six-headed hydra closely misses you.
The six-headed hydra misses you.
The six-headed hydra closely misses you.
You feel clever all of a sudden. The adder completely misses you.
The six-headed hydra closely misses you.
The six-headed hydra bites you.
* * * LOW HITPOINT WARNING * * *
The six-headed hydra completely misses you.
The six-headed hydra bites you!
* * * LOW HITPOINT WARNING * * *
The six-headed hydra bites you!
You die...

##.$# ..
∆∆....... ..####
#....... #.
...... ........
...
....###(....(.
.#
#...#.?.......
.# #...[#..#....
#
#######...DS...#
#.........@#....
#.##...)#### .
#.##....#
#.##...##
#.##...# ∆ ##
#.##...#
(######.##...# ∆
(<...)...#)..# ∆
########()#)###


You could see a six-headed hydra and an adder.

Vanquished Creatures
  4 two-headed ogres
  The ghost of Mgcat the Magician, a novice GnEE of Sif Muna (D:6)
  An ugly thing (D:11)
  A kobold demonologist (D:11)
  2 trolls (D:9)
  2 hippogriffs
  A spriggan (D:7)
  5 yaks (D:10)
  A basilisk (D:10)
  A soldier ant (D:10)
  3 orc warriors
  3 porcupines (D:10)
  2 sky beasts
  Purgy (D:3)
  3 ice beasts
  A black bear (D:8)
  A necrophage (D:10)
  3 ogres
  2 phantoms
  5 centaurs
  2 crocodiles (D:10)
  5 big kobolds
  5 bullfrogs
  A water moccasin skeleton (D:6)
  9 killer bees (D:9)
  2 wights (D:6)
  An electric eel (D:10)
  3 howler monkeys
  3 crimson imps
  2 jellies
  3 centaur zombies
  A quasit (D:10)
  A hound (D:6)
  4 orc priests
  A bullfrog skeleton (D:6)
  3 iguanas
  8 orc wizards
  Ijyb (D:3)
  2 worker ants
  A hound skeleton (D:4)
  A worker ant zombie (D:9)
  5 gnolls
  4 adders
  3 shadow imps
  An adder skeleton (D:9)
  A worm (D:4)
  2 leopard geckos
  32 orcs
  7 bats
  2 giant cockroaches
  A goblin (D:2)
  2 hobgoblins
  6 jackals
  3 quokkas
  A ball python (D:1)
  A frilled lizard (D:1)
  10 kobolds
  A leopard gecko skeleton (D:8)
  A leopard gecko zombie (D:5)
  5 rats
190 creatures vanquished.

Vanquished Creatures (collateral kills)
  A two-headed ogre (D:11)
  A kobold demonologist (D:11)
  A hippogriff (D:7)
  A wyvern (D:8)
  A wraith (D:10)
  An ice beast (D:6)
  2 orc warriors
  3 centaurs (D:11)
  An ogre (D:10)
  A crocodile (D:11)
  A gnoll sergeant (D:7)
  A bullfrog (D:4)
  A scorpion (D:4)
  A killer bee (D:9)
  2 wights (D:6)
  A howler monkey (D:9)
  A crimson imp (D:8)
  A hound (D:4)
  2 bullfrog skeletons
  A jelly (D:8)
  A gnoll shaman (D:10)
  2 orc priests
  3 iguanas
  3 orc wizards
  A worker ant zombie (D:10)
  2 gnolls (D:7)
  3 adders
  An adder skeleton (D:4)
  An adder zombie (D:8)
  2 worms
  A leopard gecko (D:8)
  13 orcs
  A ball python (D:3)
  A bat (D:2)
  A goblin (D:7)
  A hobgoblin (D:2)
  2 jackals
  A giant cockroach zombie (D:6)
  5 kobolds
70 creatures vanquished.

Vanquished Creatures (others)
  7 hexers
  2 ancestors
  2 bushes (D:10)
  2 fungi (D:10)
  7 plants (D:10)
20 creatures vanquished.

Grand Total: 280 creatures vanquished

Notes
Turn   | Place    | Note
-------+----------+-------------------------------------------
     0 | D:1      | Mgcat the Gnoll Wanderer began the quest for the Orb.
     0 | D:1      | Mgcat set off with: a +2 spear, a potion of curing, a potion of lignification {!q}, a +0 robe, a ration
     0 | D:1      | Reached XP level 1. HP: 20/20 MP: 4/4
   151 | D:1      | Reached skill level 2 in Necromancy
   151 | D:1      | Reached skill level 2 in Translocations
   237 | D:1      | Reached XP level 2. HP: 17/26 MP: 5/5
   904 | D:2      | Reached XP level 3. HP: 15/31 MP: 7/7
   920 | D:2      | Found a hazy altar of Hepliaklqana.
   930 | D:2      | Became a worshipper of Hepliaklqana the Forgotten
  2022 | D:3      | Found a basalt altar of Yredelemnul.
  2023 | D:3      | Reached * piety under Hepliaklqana
  2081 | D:3      | Reached skill level 1 in Invocations
  2102 | D:3      | Reached skill level 1 in Short Blades
  2102 | D:3      | Reached skill level 1 in Long Blades
  2102 | D:3      | Reached skill level 1 in Axes
  2102 | D:3      | Reached skill level 1 in Maces & Flails
  2102 | D:3      | Reached skill level 1 in Polearms
  2102 | D:3      | Reached skill level 1 in Staves
  2102 | D:3      | Reached skill level 1 in Slings
  2102 | D:3      | Reached skill level 1 in Bows
  2102 | D:3      | Reached skill level 1 in Crossbows
  2102 | D:3      | Reached skill level 1 in Throwing
  2102 | D:3      | Reached skill level 1 in Dodging
  2102 | D:3      | Reached skill level 1 in Shields
  2102 | D:3      | Reached skill level 1 in Unarmed Combat
  2119 | D:3      | Noticed Ijyb
  2161 | D:3      | Killed Ijyb
  2161 | D:3      | Reached skill level 3 in Spellcasting
  2161 | D:3      | Reached XP level 4. HP: 34/34 MP: 8/8
  2369 | D:3      | Noticed Purgy
  2388 | D:3      | Killed Purgy
  2388 | D:3      | Reached skill level 1 in Conjurations
  2388 | D:3      | Reached skill level 1 in Hexes
  2388 | D:3      | Reached skill level 1 in Charms
  2388 | D:3      | Reached skill level 1 in Summonings
  2388 | D:3      | Reached skill level 1 in Transmutations
  2388 | D:3      | Reached skill level 1 in Fire Magic
  2388 | D:3      | Reached skill level 1 in Ice Magic
  2388 | D:3      | Reached skill level 1 in Air Magic
  2388 | D:3      | Reached skill level 1 in Earth Magic
  2388 | D:3      | Reached skill level 1 in Poison Magic
  2388 | D:3      | Reached skill level 3 in Evocations
  2388 | D:3      | Reached XP level 5. HP: 20/38 MP: 9/9
  2952 | D:4      | Reached skill level 2 in Invocations
  2952 | D:4      | Reached XP level 6. HP: 36/45 MP: 10/10
  2973 | D:4      | Reached skill level 3 in Stealth
  3020 | D:4      | Reached skill level 5 in Fighting
  3020 | D:4      | Reached skill level 2 in Short Blades
  3020 | D:4      | Reached skill level 2 in Long Blades
  3020 | D:4      | Reached skill level 2 in Axes
  3020 | D:4      | Reached skill level 2 in Maces & Flails
  3020 | D:4      | Reached skill level 2 in Polearms
  3020 | D:4      | Reached skill level 2 in Staves
  3020 | D:4      | Reached skill level 2 in Slings
  3020 | D:4      | Reached skill level 2 in Bows
  3020 | D:4      | Reached skill level 2 in Crossbows
  3020 | D:4      | Reached skill level 2 in Throwing
  3020 | D:4      | Reached skill level 2 in Dodging
  3020 | D:4      | Reached skill level 2 in Shields
  3020 | D:4      | Reached skill level 2 in Unarmed Combat
  3445 | D:4      | Reached XP level 7. HP: 50/50 MP: 12/12
  3492 | D:4      | Found an ancient bone altar of Kikubaaqudgha.
  3640 | D:5      | Entered Level 5 of the Dungeon
  3868 | D:5      | Reached skill level 7 in Armour
  4053 | D:5      | Found a snail-covered altar of Cheibriados.
  4182 | D:5      | Reached skill level 2 in Conjurations
  4182 | D:5      | Reached skill level 2 in Hexes
  4182 | D:5      | Reached skill level 2 in Charms
  4182 | D:5      | Reached skill level 2 in Summonings
  4182 | D:5      | Reached skill level 2 in Transmutations
  4182 | D:5      | Reached skill level 2 in Fire Magic
  4182 | D:5      | Reached skill level 2 in Ice Magic
  4182 | D:5      | Reached skill level 2 in Air Magic
  4182 | D:5      | Reached skill level 2 in Earth Magic
  4182 | D:5      | Reached skill level 2 in Poison Magic
  4252 | D:5      | Reached skill level 3 in Necromancy
  4252 | D:5      | Reached skill level 3 in Translocations
  4470 | D:6      | Reached ** piety under Hepliaklqana
  4471 | D:6      | Remembered your ancestor Arnaud as a hexer
  4473 | D:6      | Noticed Mgcat's ghost (novice GnEE)
  4515 | D:6      | Killed Mgcat's ghost
  4515 | D:6      | Reached skill level 3 in Short Blades
  4515 | D:6      | Reached skill level 3 in Long Blades
  4515 | D:6      | Reached skill level 3 in Axes
  4515 | D:6      | Reached skill level 3 in Maces & Flails
  4515 | D:6      | Reached skill level 3 in Polearms
  4515 | D:6      | Reached skill level 3 in Staves
  4515 | D:6      | Reached skill level 3 in Slings
  4515 | D:6      | Reached skill level 3 in Bows
  4515 | D:6      | Reached skill level 3 in Crossbows
  4515 | D:6      | Reached skill level 3 in Throwing
  4515 | D:6      | Reached skill level 3 in Dodging
  4515 | D:6      | Reached skill level 4 in Stealth
  4515 | D:6      | Reached skill level 3 in Shields
  4515 | D:6      | Reached skill level 3 in Unarmed Combat
  4515 | D:6      | Reached skill level 4 in Spellcasting
  4515 | D:6      | Reached skill level 3 in Invocations
  4515 | D:6      | Reached skill level 4 in Evocations
  4515 | D:6      | Reached XP level 8. HP: 30/57 MP: 12/14
  4630 | D:6      | Reached skill level 4 in Invocations
  4810 | D:6      | Reached skill level 3 in Conjurations
  4810 | D:6      | Reached skill level 3 in Hexes
  4810 | D:6      | Reached skill level 3 in Charms
  4810 | D:6      | Reached skill level 3 in Summonings
  4810 | D:6      | Reached skill level 3 in Transmutations
  4810 | D:6      | Reached skill level 3 in Fire Magic
  4810 | D:6      | Reached skill level 3 in Ice Magic
  4810 | D:6      | Reached skill level 3 in Air Magic
  4810 | D:6      | Reached skill level 3 in Earth Magic
  4810 | D:6      | Reached skill level 3 in Poison Magic
  4889 | D:6      | Reached skill level 6 in Fighting
  4889 | D:6      | Reached XP level 9. HP: 44/62 MP: 14/16
  4991 | D:6      | Found a glowing golden altar of the Shining One.
  5091 | D:6      | Reached skill level 4 in Short Blades
  5091 | D:6      | Reached skill level 4 in Long Blades
  5091 | D:6      | Reached skill level 4 in Axes
  5091 | D:6      | Reached skill level 4 in Maces & Flails
  5091 | D:6      | Reached skill level 4 in Polearms
  5091 | D:6      | Reached skill level 4 in Staves
  5091 | D:6      | Reached skill level 4 in Slings
  5091 | D:6      | Reached skill level 4 in Bows
  5091 | D:6      | Reached skill level 4 in Crossbows
  5091 | D:6      | Reached skill level 4 in Throwing
  5091 | D:6      | Reached skill level 4 in Dodging
  5091 | D:6      | Reached skill level 4 in Shields
  5091 | D:6      | Reached skill level 4 in Unarmed Combat
  5091 | D:6      | Reached skill level 4 in Necromancy
  5091 | D:6      | Reached skill level 4 in Translocations
  5103 | D:6      | Reached skill level 5 in Spellcasting
  5523 | D:6      | Reached skill level 5 in Evocations
  5670 | D:7      | Found a radiant altar of Vehumet.
  5708 | D:7      | Noticed a two-headed ogre
  5819 | D:7      | Killed a two-headed ogre
  5819 | D:7      | Reached skill level 8 in Armour
  5819 | D:7      | Reached skill level 5 in Stealth
  5819 | D:7      | Reached skill level 5 in Invocations
  5957 | D:7      | Reached XP level 10. HP: 69/69 MP: 18/18
  5994 | D:7      | Found an ornate altar of the Wu Jian Council.
  6028 | D:7      | Found a staircase to the Ecumenical Temple.
  6029 | D:7      | Reached *** piety under Hepliaklqana
  6082 | D:7      | Found a shattered altar of Ashenzari.
  6090 | D:7      | Reached skill level 4 in Conjurations
  6090 | D:7      | Reached skill level 4 in Hexes
  6090 | D:7      | Reached skill level 4 in Charms
  6090 | D:7      | Reached skill level 4 in Summonings
  6090 | D:7      | Reached skill level 4 in Transmutations
  6090 | D:7      | Reached skill level 4 in Fire Magic
  6090 | D:7      | Reached skill level 4 in Ice Magic
  6090 | D:7      | Reached skill level 4 in Air Magic
  6090 | D:7      | Reached skill level 4 in Earth Magic
  6090 | D:7      | Reached skill level 4 in Poison Magic
  6499 | D:7      | Found a glowing silver altar of Zin.
  6499 | D:7      | Found an iron altar of Okawaru.
  6598 | D:8      | Noticed a two-headed ogre
  6610 | D:8      | Killed a two-headed ogre
  6610 | D:8      | Reached skill level 5 in Short Blades
  6610 | D:8      | Reached skill level 5 in Long Blades
  6610 | D:8      | Reached skill level 5 in Axes
  6610 | D:8      | Reached skill level 5 in Maces & Flails
  6610 | D:8      | Reached skill level 5 in Polearms
  6610 | D:8      | Reached skill level 5 in Staves
  6610 | D:8      | Reached skill level 5 in Slings
  6610 | D:8      | Reached skill level 5 in Bows
  6610 | D:8      | Reached skill level 5 in Crossbows
  6610 | D:8      | Reached skill level 5 in Throwing
  6610 | D:8      | Reached skill level 5 in Dodging
  6610 | D:8      | Reached skill level 5 in Shields
  6610 | D:8      | Reached skill level 5 in Unarmed Combat
  6617 | D:7      | Reached skill level 7 in Fighting
  6736 | D:8      | Reached skill level 6 in Spellcasting
  7127 | D:8      | Noticed a two-headed ogre
  7140 | D:8      | HP: 8/71 [two-headed ogre/giant spiked club (12)]
  7142 | D:8      | Killed a two-headed ogre
  7142 | D:8      | Reached skill level 6 in Stealth
  7142 | D:8      | Reached skill level 5 in Necromancy
  7142 | D:8      | Reached skill level 5 in Translocations
  7142 | D:8      | Reached skill level 6 in Invocations
  7142 | D:8      | Reached skill level 6 in Evocations
  7401 | D:8      | Noticed an orange crystal statue
  7453 | D:8      | Identified a scroll of acquirement
  7455 | D:8      | Got a serpentine bronze ring
  7457 | D:8      | Identified the ring "Buhir" {rCorr rElec rPois Int+9 Dex-5} (You acquired it on level 8 of the Dungeon)
  7487 | D:8      | Noticed an obsidian statue
  7610 | D:8      | Found Xaall's Book Shop.
  7777 | D:8      | Bought a book of Battle for 480 gold pieces
  7779 | D:8      | Learned a level 1 spell: Infusion
  7782 | D:8      | Learned a level 2 spell: Shroud of Golubria
  7785 | D:8      | Learned a level 2 spell: Song of Slaying
  7789 | D:8      | Learned a level 3 spell: Regeneration
  7793 | D:8      | Learned a level 3 spell: Spectral Weapon
  7917 | D:9      | Reached XP level 11. HP: 42/75 MP: 8/20
  8002 | D:9      | HP: 15/75 [troll (12)]
  8839 | D:10     | Entered Level 10 of the Dungeon
  8914 | D:10     | Reached skill level 9 in Armour
  8974 | D:10     | Reached skill level 6 in Short Blades
  8974 | D:10     | Reached skill level 6 in Long Blades
  8974 | D:10     | Reached skill level 6 in Axes
  8974 | D:10     | Reached skill level 6 in Maces & Flails
  8974 | D:10     | Reached skill level 6 in Polearms
  8974 | D:10     | Reached skill level 6 in Staves
  8974 | D:10     | Reached skill level 6 in Slings
  8974 | D:10     | Reached skill level 6 in Bows
  8974 | D:10     | Reached skill level 6 in Crossbows
  8974 | D:10     | Reached skill level 6 in Throwing
  8974 | D:10     | Reached skill level 6 in Dodging
  8974 | D:10     | Reached skill level 6 in Shields
  8974 | D:10     | Reached skill level 6 in Unarmed Combat
  9168 | D:10     | Reached **** piety under Hepliaklqana
  9174 | D:10     | Reached skill level 5 in Conjurations
  9174 | D:10     | Reached skill level 5 in Hexes
  9174 | D:10     | Reached skill level 5 in Charms
  9174 | D:10     | Reached skill level 5 in Summonings
  9174 | D:10     | Reached skill level 5 in Transmutations
  9174 | D:10     | Reached skill level 5 in Fire Magic
  9174 | D:10     | Reached skill level 5 in Ice Magic
  9174 | D:10     | Reached skill level 5 in Air Magic
  9174 | D:10     | Reached skill level 5 in Earth Magic
  9174 | D:10     | Reached skill level 5 in Poison Magic
  9431 | D:10     | HP: 9/76 [porcupine's spines (13)]
  9605 | D:10     | Found a staircase to the Lair.
  9621 | D:10     | Reached skill level 7 in Spellcasting
  9992 | D:11     | Noticed a red ugly thing
  9992 | D:11     | Noticed a two-headed ogre
 10007 | D:11     | Killed a cyan ugly thing
 10007 | D:11     | Reached skill level 7 in Invocations
 10014 | D:11     | Killed a two-headed ogre
 10014 | D:11     | Reached skill level 8 in Fighting
 10014 | D:11     | Reached skill level 7 in Evocations
 10024 | D:11     | Reached skill level 7 in Stealth
 10106 | D:11     | Noticed a two-headed ogre
 10107 | D:11     | Reached skill level 6 in Necromancy
 10107 | D:11     | Reached skill level 6 in Translocations
 10114 | D:11     | Killed a two-headed ogre
 10114 | D:11     | Reached XP level 12. HP: 60/82 MP: 21/23
 10158 | D:11     | Noticed a six-headed hydra
 10176 | D:11     | HP: 20/82 [six-headed hydra (1)]
 10178 | D:11     | HP: 8/83 [six-headed hydra (8)]
 10178 | D:11     | Slain by a six-headed hydra

Vault maps used:
D:1:      minmay_arrival_checkered_box
D:2:      lemuel_coloured_pillars_altar, kennysheep_generic_room_4
D:3:      lemuel_doored_altar, uniq_ijyb, uniq_purgy
D:4:      kiku_gazebo_garden_becter, first_ration
D:5:      overflow_temple_1_default
D:6:      nicolae_tso_carved_into_rock
D:7:      amethyst_overflow_temple_binary, vehumet_altar_wand_db,
          marbit_many_paths, minmay_temple_entry_statues, basic_altar,
          the_bakery, grunt_decor_arrowhead
D:8:      minmay_separated_statues, serial_shops, nicolae_shop_crystal
D:10:     minmay_lair_entry_grove, serial_bayou_pond_b
D:11:     enter_trove_0

Skill      XL: |  1  2  3  4  5  6  7  8  9 10 11 |
---------------+----------------------------------+-----
Necromancy     | 2 3 4 5 6 |  6.0
Translocations | 2 3 4 5 6 |  6.0
Invocations    | 1 2 3 4 5 6 7 |  7.4
Short Blades   | 1 2 3 4 5 6 |  6.7
Long Blades    | 1 2 3 4 5 6 |  6.7
Axes           | 1 2 3 4 5 6 |  6.7
Maces & Flails | 1 2 3 4 5 6 |  6.7
Polearms       | 1 2 3 4 5 6 |  6.7
Staves         | 1 2 3 4 5 6 |  6.7
Slings         | 1 2 3 4 5 6 |  6.7
Bows           | 1 2 3 4 5 6 |  6.7
Crossbows      | 1 2 3 4 5 6 |  6.7
Throwing       | 1 2 3 4 5 6 |  6.7
Dodging        | 1 2 3 4 5 6 |  6.7
Shields        | 1 2 3 4 5 6 |  6.7
Unarmed Combat | 1 2 3 4 5 6 |  6.7
Spellcasting   | 3 4 5 6 7 |  7.3
Conjurations   | 1 2 3 4 5 |  5.6
Hexes          | 1 2 3 4 5 |  5.6
Charms         | 1 2 3 4 5 |  5.6
Summonings     | 1 2 3 4 5 |  5.6
Transmutations | 1 2 3 4 5 |  5.6
Fire Magic     | 1 2 3 4 5 |  5.6
Ice Magic      | 1 2 3 4 5 |  5.6
Air Magic      | 1 2 3 4 5 |  5.6
Earth Magic    | 1 2 3 4 5 |  5.6
Poison Magic   | 1 2 3 4 5 |  5.6
Evocations     | 3 4 5 6 7 |  7.3
Stealth        | 3 4 5 6 7 |  7.2
Fighting       | 5 6 7 8 |  8.2
Armour         | 7 8 9 |  9.4

Action                   |  1- 3 |  4- 6 |  7- 9 | 10-12 || total
-------------------------+-------+-------+-------+-------++-------
Melee: Spear             |   154 |    75 |       |       ||   229
       Bite              |     4 |     8 |    26 |    70 ||   108
       War axe           |       |    29 |   150 |       ||   179
       Punch             |       |       |     5 |    18 ||    23
       Mace              |       |       |    71 |   540 ||   611
 Cast: Regeneration      |       |       |       |     8 ||     8
       Infusion          |       |       |       |     3 ||     3
       Song of Slaying   |       |       |       |     6 ||     6
Invok: Recall Ancestor   |       |     1 |     1 |       ||     2
       Ancestor Life: He |       |       |     1 |       ||     1
       Ancestor Identity |       |       |     1 |       ||     1
  Use: Scroll            |     3 |     2 |     6 |     4 ||    15
       Potion            |     1 |     1 |     4 |     3 ||     9
 Stab: Sleeping          |     6 |     3 |     4 |     6 ||    19
       Distracted        |       |     2 |     2 |     9 ||    13
       Invisible         |       |       |     9 |       ||     9
       Confused          |       |       |     3 |     8 ||    11
  Eat: Chunk             |     4 |     4 |     9 |    11 ||    28
       Ration            |       |       |       |     1 ||     1
Armor: Robe              |    11 |       |       |       ||    11
       Leather armour    |    25 |    45 |     4 |       ||    74
       Skin              |    14 |     2 |       |       ||    16
       Ring mail         |       |       |    69 |   232 ||   301
Dodge: Dodged            |    77 |    73 |   165 |   641 ||   956

Table legend:
 A = Spawn XP
 B = Non-spawn XP
 C = Spawn XP percentage of total XP
 D = Spawn monster count
 E = Non-spawn monster count
 F = Spawn count percentage of total count
 G = Total turns spent on level
                    A         B        C        D         E        F      G
               +---------+---------+-------+---------+---------+-------+---------
         Total |       0 |   18780 |   0.0 |       0 |     260 |   0.0 | 10178
               +---------+---------+-------+---------+---------+-------+---------
           D:1 |       0 |      24 |   0.0 |       0 |      15 |   0.0 |   878
           D:2 |       0 |      24 |   0.0 |       0 |       8 |   0.0 |   898
           D:3 |       0 |     212 |   0.0 |       0 |      13 |   0.0 |  1301
           D:4 |       0 |     364 |   0.0 |       0 |      18 |   0.0 |   626
           D:5 |       0 |     258 |   0.0 |       0 |      11 |   0.0 |   724
           D:6 |       0 |    2457 |   0.0 |       0 |      40 |   0.0 |  1349
           D:7 |       0 |    2286 |   0.0 |       0 |      26 |   0.0 |   942
           D:8 |       0 |    2481 |   0.0 |       0 |      17 |   0.0 |  1130
           D:9 |       0 |    2304 |   0.0 |       0 |      38 |   0.0 |   999
          D:10 |       0 |    4122 |   0.0 |       0 |      44 |   0.0 |  1146
          D:11 |       0 |    4248 |   0.0 |       0 |      30 |   0.0 |   185
               +---------+---------+-------+---------+---------+-------+---------

Vault maps used:
D:1:      minmay_arrival_checkered_box
D:2:      lemuel_coloured_pillars_altar, kennysheep_generic_room_4
D:3:      lemuel_doored_altar, uniq_ijyb, uniq_purgy
D:4:      kiku_gazebo_garden_becter, first_ration
D:5:      overflow_temple_1_default
D:6:      nicolae_tso_carved_into_rock
D:7:      amethyst_overflow_temple_binary, vehumet_altar_wand_db,
          marbit_many_paths, minmay_temple_entry_statues, basic_altar,
          the_bakery, grunt_decor_arrowhead
D:8:      minmay_separated_statues, serial_shops, nicolae_shop_crystal
D:10:     minmay_lair_entry_grove, serial_bayou_pond_b
D:11:     enter_trove_0

Table legend:
 A = Turns spent in this place as a percentage of turns spent in the entire game.
 B = Non-inter-level travel turns spent in this place as a percentage of non-inter-level travel turns spent in the entire game.
 C = Inter-level travel turns spent in this place as a percentage of turns spent in this place.
 D = Turns resting spent in this place as a percentage of non-inter-level travel turns spent in this place.
 E = Turns spent auto-exploring this place as a percentage of non-inter-level travel turns spent in this place.
 F = Non-inter-level travel turns spent in this place divided by the number of levels of this place that you've seen.
                   A       B       C       D       E      F
               +-------+-------+-------+-------+-------+----------------------
         Total | 100.0 | 100.0 |   6.3 |   2.0 |  77.0 | 867.3
       Dungeon | 100.0 | 100.0 |   6.3 |   2.0 |  77.0 | 867.3
               +-------+-------+-------+-------+-------+----------------------

Table legend:
 A = Kills in this place as a percentage of kills in entire the game.
 B = Kills by you in this place as a percentage of kills by you in the entire game.
 C = Kills by friends in this place as a percentage of kills by friends in the entire game.
 D = Other kills in this place as a percentage of other kills in the entire game.
 E = Experience gained in this place as a percentage of experience gained in the entire game.
 F = Experience gained in this place divided by the number of levels of this place that you have seen.
                   A       B       C       D       E      F
               +-------+-------+-------+-------+-------+----------------------
         Total | 100.0 | 100.0 | 100.0 | 100.0 | 100.0 | 1707.3
       Dungeon | 100.0 | 100.0 | 100.0 | 100.0 | 100.0 | 1707.3
               +-------+-------+-------+-------+-------+----------------------
